 Dungeon Crawl Stone Soup version 0.27-a0-637-g3a9f0a9c12 (webtiles) character file.

Game seed: 386089729617389998

380 Allula97 the Chopper (level 6, 0/48 HPs)
             Began as a Demonspawn Berserker on Mar 14, 2021.
             Was a Priest of Trog.
             Slain by an ogre
             ... wielding a +0 giant club
              (17 damage)
             ... on level 4 of the Dungeon.
             The game lasted 00:10:42 (2584 turns).

Allula97 the Chopper (Demonspawn Berserker)         Turns: 2584, Time: 00:10:43

Health: 0/48       AC: 13    Str: 19    XL:     6   Next: 46%
Magic:  6/6        EV: 11    Int:  8    God:    Trog [***...]
Gold:   150        SH:  0    Dex: 13    Spells: 5/5 levels left

rFire    + . .     SeeInvis .   a - +0 hand axe
rCold    . . .     Faith    +   (no shield)
rNeg     . . .     Spirit   .   b - +3 ring mail
rPois    .         Reflect  .   o - +0 helmet
rElec    .         Harm     .   (no cloak)
rCorr    .         Rampage  .   (no gloves)
Will     .....                  (no boots)
Stlth    +.........             r - amulet of faith
HPRegen  0.16/turn              e - +4 ring of protection
MPRegen  0.10/turn              s - ring of protection from fire

@: berserk cooldown
A: hooves 1, demonic guardian 1, powered by death 2
a: Renounce Religion, Berserk, Trog's Hand


You were on level 4 of the Dungeon.
You worshipped Trog.
Trog was most pleased with you.
You visited 1 branch of the dungeon, and saw 4 of its levels.

You collected 150 gold pieces.

Inventory:

Hand Weapons
 a - a +0 hand axe (weapon)
Missiles
 i - a throwing net
 m - 21 poisoned darts
Armour
 b - a +3 ring mail (worn)
 o - a +0 helmet (worn)
Jewellery
 e - a +4 ring of protection (right hand)
 r - an amulet of faith (around neck)
 s - a ring of protection from fire (left hand)
Scrolls
 d - 3 scrolls of fog {unknown}
 f - 2 scrolls of random uselessness {unknown}
 g - 5 scrolls of identify {unknown}
 h - a scroll of magic mapping {unknown}
 j - a scroll of fear {unknown}
 l - 2 scrolls of noise {unknown}
 p - a scroll of teleportation {unknown}
 t - 2 scrolls of enchant weapon {unknown}
 u - a scroll of amnesia {unknown}
Potions
 c - a potion of degeneration {unknown}
 k - a potion of brilliance {unknown}
 n - a potion of curing {unknown}
 q - a potion of heal wounds {unknown}
 v - a potion of lignification {unknown}
 w - 2 potions of cancellation {unknown}
 x - a potion of flight {unknown}


   Skills:
 * Level 4.3 Fighting
 * Level 4.7 Axes
 * Level 2.5 Armour
 * Level 2.9 Dodging
 * Level 1.8 Stealth


You had 5 spell levels left.
You didn't know any spells.
Your spell library was empty.

Dungeon Overview and Level Annotations

Branches:
Dungeon (4/15)
 Temple: D:4-7

Altars:
Elyvilon
Hepliaklqana
Makhleb
Vehumet
Yredelemnul


Innate Abilities, Weirdness & Mutations

You have large cloven feet.
A weak demonic guardian rushes to your aid.
You regenerate health from kills.


Message History

Trog accepts your kill.
You feel a strong urge to attack something.
There is an open door here.
Things that are here:
a jackal corpse; a jackal corpse; a jackal corpse You are no longer berserk.
You are exhausted.
You feel yourself slow down.
You now have 150 gold pieces (gained 14).
Found an inky potion.
Found a stone staircase leading down.
Found a scroll labelled VAWAINT MEIMI.
An adder comes into view.
The adder hisses angrily.
An ogre comes into view. It is wielding a +0 giant club.
You see here an inky potion.
x - an inky potion The ogre shouts!
Your ring mail prevents you from hitting the adder.
Your kick misses the adder.
The adder bites you but does no damage. x2
You miss the adder.
The adder bites you but does no damage. x2
You hit the adder.
The adder is moderately wounded.
The adder barely misses you. x2
You barely miss the adder. You kick the adder, but do no damage.
The adder is moderately wounded.
The adder barely misses you. The adder bites you but does no damage.
You closely miss the adder. You kick the adder.
You kill the adder!
Trog accepts your kill.
You barely miss the ogre. You kick the ogre, but do no damage.
The ogre hits you with a +0 giant club! x2; A demonic guardian appears!
You hit the ogre but do no damage. Your kick misses the ogre.
The ogre barely misses you.
You hit the ogre but do no damage. The ogre hits you with a +0 giant club!
Your iron imp barely misses the ogre.
You feel yourself speed up.
Your iron imp completely misses the ogre.
The ogre hits you with a +0 giant club!
You die...

######## #... #......
#... #..... #... +....
#... ... #... #.#
#######...
###.########.....####
#.#>.5O............####
#.....@.##.........†...
###.###.##.###.....####
... ...........<.....
#... ....#.###.#.#####.
#.. ?#####.# #...#
+.... ... ..... ..
#####...## #....


You could see an ogre (ally target) and a friendly iron imp (summoned).

Vanquished Creatures
  A human (D:2)
  A phantom (D:4)
  An iguana (D:4)
  Robin (D:2)
  4 adders
  2 worms (D:2)
  5 dart slugs
  A leopard gecko (D:1)
  2 orcs (D:3)
  4 giant cockroaches
  12 goblins
  6 hobgoblins
  10 jackals
  7 kobolds
  8 bats
  4 frilled lizards
  11 rats
80 creatures vanquished.

Notes
Turn   | Place    | Note
-------+----------+-------------------------------------------
     0 | D:1      | Allula97 the Demonspawn Berserker began the quest for the
                  | Orb.
     0 | D:1      | Reached XP level 1. HP: 18/18 MP: 1/1
    50 | D:1      | Gained mutation: You regenerate a little health from kills.
                  | [demonic ancestry]
    50 | D:1      | Reached XP level 2. HP: 24/24 MP: 2/2
   959 | D:1      | Gained mutation: You have large cloven feet. [demonic
                  | ancestry]
   959 | D:1      | Reached XP level 3. HP: 29/29 MP: 3/3
  1074 | D:2      | Found a hazy altar of Hepliaklqana.
  1089 | D:2      | Noticed Robin
  1095 | D:2      | Reached ** piety under Trog
  1097 | D:2      | Reached skill level 1 in Stealth
  1105 | D:2      | Killed Robin
  1172 | D:2      | Reached XP level 4. HP: 37/37 MP: 4/4
  1224 | D:2      | Found a runed translucent door.
  1224 | D:2      | Noticed a human
  1229 | D:2      | Found a basalt altar of Yredelemnul.
  1254 | D:2      | Killed a human
  1255 | D:2      | Gained mutation: A weak demonic guardian rushes to your
                  | aid. [demonic ancestry]
  1255 | D:2      | Reached XP level 5. HP: 42/42 MP: 5/5
  1482 | D:2      | Reached *** piety under Trog
  1626 | D:2      | Found a burning altar of Makhleb.
  1628 | D:2      | Found a radiant altar of Vehumet.
  2268 | D:3      | Found a faded altar of an unknown god.
  2533 | D:4      | Noticed a phantom
  2547 | D:4      | Killed a phantom
  2548 | D:4      | Gained mutation: You regenerate health from kills. [demonic
                  | ancestry]
  2548 | D:4      | Reached XP level 6. HP: 48/48 MP: 6/6
  2584 | D:4      | Slain by an ogre

Illustrated notes

Levels and vault maps discovered:
D:1:      dpeg_arrival_connections, layout_loops_ring
D:2:      layout_rooms, nicolae_overflow_hidden_temple,
          gammafunk_temple_overflow_elements, dk_yredelemnul_ordeal, uniq_robin
D:3:      layout_basic, chequers_ecumenical_altar_twisty,
          minmay_stone_trees_small, amcnicky_mini_corridor_feature,
          kennysheep_minor_cross, minmay_misc_feat_room
D:4:      layout_basic, serial_shops, shop, chequers_serial_rivers_large_b,
          uniq_edmund, uniq_grinder

Skill      XL: |  1  2  3  4 |
---------------+-------------+-----
Axes           | 3 4 |  4.7
Dodging        | 2 |  2.9
Stealth        | 1 |  1.8
Armour         | 2 |  2.5
Fighting       | 4 |  4.3

Action                   |  1- 3 |  4- 6 || total
-------------------------+-------+-------++-------
Melee: Hand axe          |    73 |   107 ||   180
       Kick              |     1 |    34 ||    35
Invok: Berserk           |     4 |     3 ||     7
 Stab: Sleeping          |     1 |     1 ||     2
       Distracted        |       |     1 ||     1
Armor: Animal skin       |    15 |    16 ||    31
       Ring mail         |       |    18 ||    18
       Chain mail        |       |     6 ||     6
Dodge: Dodged            |    44 |    53 ||    97

Table legend: (Time is in decaauts)
 A = Elapsed time spent in this place.
 B = Non-inter-level travel time spent in this place.
 C = Inter-level travel time spent in this place.
 D = Time resting spent in this place.
 E = Time spent auto-exploring this place.
 F = Levels seen in this place.
 G = Mean time per level.
                   A        B        C        D        E       F      G
               +--------+--------+--------+--------+--------+-----+--------+
         Total |   2658 |   2471 |    187 |      0 |   1599 |   4 |  664.5 |
       Dungeon |   2658 |   2471 |    187 |      0 |   1599 |   4 |  664.5 |
               +--------+--------+--------+--------+--------+-----+--------+

Top non-repeatable levels by time:
     D:1: 1085 daAuts
     D:3: 825 daAuts
     D:2: 664 daAuts
     D:4: 83 daAuts
